[Event "*** Titled Tuesday Blitz"]
[Site "Chess.com"]
[Date "2018.09.04"]
[Round "8"]
[White "MITerryble"]
[Black "Alexander_Moskalenko"]
[Result "1/2-1/2"]
[WhiteElo "2760"]
[BlackElo "2805"]
[TimeControl "180+2"]
[EndTime "15:31:31 PDT"]
[Termination "Game drawn by 50-move rule"]

1. e4 e5 2. Nf3 Nc6 3. c3 Nf6 4.
d4 Nxe4 5. d5 Ne7 6. Nxe5 Ng6 7.
Qe2 Qe7 8. Qxe4 Qxe5 9. Bd3 Bc5 10. O-O O-O 11. Nd2 d6 12. Nf3 Qxe4 13. Bxe4 Re8 14. Re1 Bg4 15. Bd2 a5 16. Nd4 a4 17. Bc2 Bd7 18.
Bd3 Ne5 19. Bf1 Ng4 20. g3 Nf6 21. Bg2 Kf8 22. h3 h6 23. g4 Bb6 24. Bf3 Re5 25. Rxe5 dxe5 26. Nc2 e4 27. Bg2 Bb5 28. Ne3 Bd3 29.
Rc1 a3 30. b3 Bxe3 31. Bxe3 Nxd5 32. Bd2 b5 33. c4 bxc4 34. bxc4 Nb6 35. Bb4+ Kg8 36.
Rc3 Ra4 37. Bxa3 Nxc4 38. Bc5 Rxa2 39. Kh2 Nd6 40. Kg3 Rc2 41. Rxc2 Bxc2 42. Kf4 f6 43. h4 Kf7 44. g5 hxg5+ 45. hxg5 f5 46. Ke5 Kg6 47.
Kf4 Kf7 48. Ke5 Ke7 49. g6 Bd1 50. Bh3 Bg4 51. Bf1 Kd7 52. Bg2 Nc4+ 53. Kf4 Ke6 54. Bd4 Bh5 55. Kg5 Bxg6 56. Kxg6 Ne5+ 57. Kxg7 c5 58. Bxc5 Nd3 59. Ba7 Ke5 60. Kh6 f4 61. Kg5 e3 62. fxe3 fxe3 63. Bxe3 Ne1 64. Ba8 Nc2 65.
Bf2 Nd4 66. Bg3+ Ke6 67. Be4 Nb5 68. Kf4 Nc3 69. Bf3 Nd5+ 70. Ke4 Nf6+ 71. Kd4 Kf5 72.
Be2 Nd7 73. Bc7 Nf6 74. Bf3 Nd7 75. Be4+ Ke6 76. Bd5+ Kf5 77. Bg2 Nf6 78. Bh3+ Kg5 79. Bd8 Kg6 80. Ke5 Nh5 81. Bf5+ Kf7 82. Bg4 Kg6 83. Bh4 Ng7 84. Bf3 Kf7 85. Be4 Nh5 86.
Bg5 Ng7 87. Bf3 Kg6 88. Bd8 Kf7 89. Be4 Nh5 90. Bb1 Ng7 91. Ba2+ Kg6 92. Bd5 Nh5 93. Bc6 Kf7 94. Bd7 Ng7 95. Bg4 Kg6 96. Bf6 Kf7 97. Bf3 Kg6 98. Bd5 Nh5 99. Bh4 Ng7 100. Bc4 Nh5 101. Bb5 Ng7 102. Ba4 Kf7 103. Bc2 Nh5 104. Kf5 Ng7+ 105. Kg4 Ke6 106. Kg5 Ne8 107. Bg3 Nd6 108. Bb3+ Ke7 109. Kf4 Kf6 110. Bh4+ Kg6 111. Be6 Nf7 112. Bf5+ Kg7 113. Be7 Nh6 114. Be6 Kg6 115. Bc4 Nf7 116. Bd3+ Kg7 117. Kf5 Nh6+ 118. Ke6 Ng4 119. Bg5 Nh6 120. Bf6+ Kf8 121. Bg6 Ng8 122. Be5 Nh6 123. Bc3 Ng8 124. Bh7 Nh6 125. Kf6 Ng8+ 126. Kg5 Ne7 127. Be4 Kf7 128. Bc2 Ke6 129. Bb3+ Kd7 130. Kf6 Nc6 131. Bb2 Kd6 132. Ba3+ 1/2-1/2

[Event "*** Titled Tuesday Blitz"]
[Site "Chess.com"]
[Date "2018.09.04"]
[Round "9"]
[White "SaraciNderim"]
[Black "ENEASZ"]
[Result "0-1"]
[WhiteElo "2502"]
[BlackElo "2551"]
[TimeControl "180+2"]
[EndTime "15:34:48 PDT"]
[Termination "ENEASZ won by checkmate"]

1. d4 d5 2. Bf4 Nf6 3. e3 c5 4. c3 Nc6 5. h3 Qb6 6. Qb3 c4 7. Qc2 Bf5 8. Qc1 e6 9. Nf3 h6 10. Nbd2 Be7 11. b3 cxb3 12. axb3 O-O 13. Be2 Rac8 14. O-O a6 15. c4 Bb4 16. Qb2 Qd8 17. Ne5 Nxe5 18. Bxe5 Ne4 19. Nxe4 Bxe4 20. c5 Qg5 21. f4 Qxg2# 0-1

[Event "*** Titled Tuesday Blitz"]
[Site "Chess.com"]
[Date "2018.09.04"]
[Round "9"]
[White "Orest_Vovk"]
[Black "Thjop"]
[Result "1-0"]
[WhiteElo "2447"]
[BlackElo "2527"]
[TimeControl "180+2"]
[EndTime "15:34:50 PDT"]
[Termination "Orest_Vovk won by resignation"]

1. g4 e6 2. Bg2 c5 3. h3 Nc6 4. c4 h5 5. gxh5 Nf6 6. h6 gxh6 7. d3 Rg8 8. Bxc6 bxc6 9. Nf3 Qc7 10. Nc3 d5 11. Qa4 Bd7 12. Bd2 d4 13. Ne4 Nxe4 14. dxe4 Qe5 15. Nxe5 1-0

[Event "*** Titled Tuesday Blitz"]
[Site "Chess.com"]
[Date "2018.09.04"]
[Round "9"]
[White "Mikhail_Golubev"]
[Black "Der_Honigdachs"]
[Result "1-0"]
[WhiteElo "2424"]
[BlackElo "2332"]
[TimeControl "180+2"]
[EndTime "15:35:59 PDT"]
[Termination "Mikhail_Golubev won by resignation"]

1. e4 d5 2. exd5 Qxd5 3. Nf3 Nc6 4. d4 Bg4 5. Be2 O-O-O 6. Nbd2 e5 7. dxe5 Nxe5 8. O-O Nxf3+ 9. Bxf3 Bxf3 10. Qxf3 Qxf3 11.
Nxf3 f6 12. Be3 Bd6 13. Nd4 c6 14. Nf5 g6 15. Nxd6+ Rxd6 16. Bxa7 Rd2 17. Rfe1 Nh6 18. Be3 1-0

[Event "*** Titled Tuesday Blitz"]
[Site "Chess.com"]
[Date "2018.09.04"]
[Round "9"]
[White "Vegan4future"]
[Black "novocane"]
[Result "1-0"]
[WhiteElo "2392"]
[BlackElo "2121"]
[TimeControl "180+2"]
[EndTime "15:36:16 PDT"]
[Termination "Vegan4future won by resignation"]

1. d4 Nf6 2. c4 e6 3. Nf3 d5 4. g3 Bb4+ 5. Bd2 Qe7 6. Bg2 Ne4 7. O-O Nxd2 8. Nbxd2 c6 9. e4 dxe4 10. Nxe4 O-O 11.
a3 Ba5 12. b4 Bc7 13. Qb3 Nd7 14. Rad1 Nf6 15. Nc5 b6 16. Nd3 b5 17. Nfe5 bxc4 18. Qxc4 Nd5 19. Nxc6 Qd6 20. Bxd5 exd5 21. Qxd5 Bb7 22.
Qxd6 Bxd6 23. Nce5 a5 24. Nc5 Bd5 25. b5 f6 26.
Ned7 Rf7 27. Nb6 1-0

[Event "*** Titled Tuesday Blitz"]
[Site "Chess.com"]
[Date "2018.09.04"]
[Round "9"]
[White "biostatistician"]
[Black "dimke2802"]
[Result "0-1"]
[WhiteElo "2466"]
[BlackElo "2457"]
[TimeControl "180+2"]
[EndTime "15:36:34 PDT"]
[Termination "dimke2802 won by resignation"]

1. d4 Nf6 2. Nf3 g6 3. c4 Bg7 4. Nc3 d6 5. e4 O-O 6. Be2 e5 7.
dxe5 dxe5 8. Qxd8 Rxd8 9. Bg5 Re8 10. Nd5 Nxd5 11. cxd5 c6 12. Bc4 b5 13. Bb3 a5 14.
a4 Bd7 15. d6 Be6 16. Bxe6 Rxe6 17. Be7 Bf6 18. Bxf6 Rxf6 19. Nxe5 Rxd6 20. Rd1 Rxd1+ 21. Kxd1 f6 22. Nd3 Nd7 23. Kc2 Nb6 24. Nc5 Rd8 25. f3 Rd4 26. b3 bxa4 27. bxa4 Rc4+ 0-1

[Event "*** Titled Tuesday Blitz"]
[Site "Chess.com"]
[Date "2018.09.04"]
[Round "9"]
[White "arna"]
[Black "Nakachuk"]
[Result "0-1"]
[WhiteElo "2098"]
[BlackElo "2664"]
[TimeControl "180+2"]
[EndTime "15:36:41 PDT"]
[Termination "Nakachuk won by resignation"]

1. e4 c5 2. Nf3 e6 3. d4 cxd4 4. Nxd4 Nc6 5. Nc3 Qc7 6. g3 a6 7. Bg2 Nge7 8. Nde2 Ng6 9. O-O Nge5 10. h3 h5 11. b3 Bc5 12. Kh1 b5 13. Bb2 Bb7 14.
a3 Ng4 15. hxg4 hxg4+ 16. Kg1 Ne5 17. Nf4 g5 18. Nd3 Nf3+ 19. Bxf3 Qxg3+ 0-1

[Event "*** Titled Tuesday Blitz"]
[Site "Chess.com"]
[Date "2018.09.04"]
[Round "9"]
[White "Karina_Oparina"]
[Black "JammyDodger91"]
[Result "0-1"]
[WhiteElo "2197"]
[BlackElo "2434"]
[TimeControl "180+2"]
[EndTime "15:36:47 PDT"]
[Termination "JammyDodger91 won by resignation"]

1. e4 e5 2. Nf3 Nc6 3. Bb5 a6 4. Ba4 Nf6 5. d3 d6 6. O-O g6 7.
Nbd2 Bg7 8. Re1 O-O 9. h3 h6 10.
Nf1 b5 11. Bb3 Na5 12. c3 Nxb3 13. axb3 c5 14. d4 cxd4 15. cxd4 exd4 16. Nxd4 Bb7 17. Ng3 Re8 18. f3 Rc8 19. Be3 Qc7 20. Rc1 Qb8 21. Bf2 d5 22. exd5 Nxd5 23. Rxe8+ Rxe8 24. Qd2 Nf4 25. Re1 Rd8 26. Qb4 Nd3 27. Qe7 Nxe1 0-1

[Event "*** Titled Tuesday Blitz"]
[Site "Chess.com"]
[Date "2018.09.04"]
[Round "9"]
[White "Barcelona_Guy"]
[Black "ozates"]
[Result "1-0"]
[WhiteElo "2553"]
[BlackElo "2376"]
[TimeControl "180+2"]
[EndTime "15:36:51 PDT"]
[Termination "Barcelona_Guy won by resignation"]

1. e4 c5 2. d4 cxd4 3. c3 d3 4. Bxd3 Nc6 5. c4 g6 6. Nf3 Bg7 7.
h3 d6 8. O-O Nf6 9. Nc3 O-O 10.
Be3 Nd7 11. Rc1 Nc5 12. Bb1 a5 13. Qe2 a4 14. Rfd1 Qa5 15. Nd5 e6 16. Nc3 a3 17. Nd4 axb2 18. Qxb2 Na4 19. Nxa4 Qxa4 20. Qb3 Ne5 21. Nb5 Qxb3 22. axb3 Bd7 23. Nxd6 Bc6 24.
f4 Nd7 25. e5 f6 26. b4 fxe5 27.
b5 exf4 28. Bf2 1-0

[Event "*** Titled Tuesday Blitz"]
[Site "Chess.com"]
[Date "2018.09.04"]
[Round "9"]
[White "Gareth-Bale11"]
[Black "evgenysharapov"]
[Result "0-1"]
[WhiteElo "2605"]
[BlackElo "2447"]
[TimeControl "180+2"]
[EndTime "15:37:11 PDT"]
[Termination "evgenysharapov won by resignation"]

1. d4 d5 2. c4 c6 3. Nc3 Nf6 4. Nf3 e6 5. Bg5 Be7 6. e3 O-O 7. Rc1 Nbd7 8. a3 b6 9. Bd3 Bb7 10. O-O Rc8 11. Qe2 c5 12. cxd5 Nxd5 13. Bxe7 Qxe7 14. Nxd5 Bxd5 15. e4 Bb7 16. Rfd1 cxd4 17. Nxd4 Rxc1 18. Rxc1 Nc5 19. Bb1 Rd8 20. Nb5 Ba6 21. h3 Nb3 22. Rd1 Nd4 23. Rxd4 Rxd4 24. e5 Bxb5 25. Qf3 g6 0-1

[Event "*** Titled Tuesday Blitz"]
[Site "Chess.com"]
[Date "2018.09.04"]
[Round "9"]
[White "joejan"]
[Black "nitpicker"]
[Result "1-0"]
[WhiteElo "2243"]
[BlackElo "2179"]
[TimeControl "180+2"]
[EndTime "15:37:30 PDT"]
[Termination "joejan won by checkmate"]

1. e4 c5 2. Nc3 e6 3. f4 a6 4.
g3 Qc7 5. Bg2 d6 6. d3 Nc6 7.
Nf3 Be7 8. O-O Nf6 9. h3 Rb8 10. g4 b5 11. f5 h6 12. a4 O-O 13. axb5 axb5 14. Qe1 Ne5 15. Qg3 b4 16. Ne2 Bd7 17. Bf4 Nxf3+ 18. Bxf3 exf5 19. gxf5 Kh7 20. Kh2 Rb6 21. Rg1 Rg8 22. Rg2 Ne8 23. Rag1 Bf6 24. Bxh6 Kxh6 25. Qf4+ Kh7 26. Rg4 Be5 27. Rh4# 1-0

[Event "*** Titled Tuesday Blitz"]
[Site "Chess.com"]
[Date "2018.09.04"]
[Round "9"]
[White "Msb2"]
[Black "2165149677570"]
[Result "1-0"]
[WhiteElo "2831"]
[BlackElo "2294"]
[TimeControl "180+2"]
[EndTime "15:37:49 PDT"]
[Termination "Msb2 won by resignation"]

1. d4 Nf6 2. c4 e6 3. Nf3 b6 4. g3 Ba6 5. b3 Bb7 6. Bg2 Bb4+ 7. Bd2 a5 8. O-O O-O 9. Qc2 Ne4 10. Ng5 Bxd2 11. Nxh7 f5 12. Nxf8 Bg5 13. Ng6 Qf6 14. Ne5 d6 15. Nf3 Bh6 16. Nc3 Nxc3 17. Qxc3 c5 18. e3 Nc6 19. Rad1 a4 20. Qd2 axb3 21.
axb3 Nb4 22. dxc5 dxc5 23. Nh4 Bxg2 24. Kxg2 g5 25. Nf3 g4 26. Ng1 Qe5 27. Ne2 Qe4+ 28. Kg1 Bg5 29. Nc3 Qf3 30. Qd7 1-0

[Event "*** Titled Tuesday Blitz"]
[Site "Chess.com"]
[Date "2018.09.04"]
[Round "9"]
[White "Caisachess"]
[Black "ShadyH9"]
[Result "1-0"]
[WhiteElo "2240"]
[BlackElo "2164"]
[TimeControl "180+2"]
[EndTime "15:38:01 PDT"]
[Termination "Caisachess won by resignation"]

1. e4 c5 2. c3 d5 3. exd5 Qxd5 4.
d4 Nf6 5. Nf3 Bg4 6. Nbd2 Bxf3 7.
Nxf3 Nc6 8. Be3 cxd4 9. Nxd4 Nxd4 10. Qxd4 Qxd4 11. Bxd4 O-O-O 12. Bxa7 Kc7 13. Bd4 Nd7 14. Be2 e5 15. Be3 Nc5 16. Rd1 Rxd1+ 17. Kxd1 Be7 18. Kc1 Ra8 19. Kb1 f5 20. f3 g5 21. Rd1 Kc6 22. Bc4 Rd8 23. Rxd8 Bxd8 24. b4 Nd7 25. Be6 f4 26.
Bf2 Nf6 27. Bf5 h5 28. Kc2 b5 29. Kd3 Kd5 30. Bg6 g4 31. Bf7+ Kd6 32. c4 e4+ 33. fxe4 Ke5 34. Bd4+ 1-0

[Event "*** Titled Tuesday Blitz"]
[Site "Chess.com"]
[Date "2018.09.04"]
[Round "9"]
[White "GHANDEEVAM2003"]
[Black "MITerryble"]
[Result "0-1"]
[WhiteElo "2692"]
[BlackElo "2767"]
[TimeControl "180+2"]
[EndTime "15:38:05 PDT"]
[Termination "MITerryble won by resignation"]

1. d4 e6 2. e4 d5 3. Nc3 Nf6 4. Bg5 Bb4 5. e5 h6 6. Bd2 Bxc3 7. bxc3 Ne4 8. Qg4 g6 9. Bd3 Nxd2 10. Kxd2 c5 11. h4 Qa5 12. Nf3 Nc6 13. Qf4 cxd4 14. Nxd4 Nxd4 15. Qxd4 Bd7 16. Qb4 Qc7 17. f4 h5 18.
Rab1 b6 19. a4 Rc8 20. Qd4 Qc5 21. Rb4 Kf8 22. Ra1 Qa5 23. Bb5 Bxb5 24. Rxb5 Qa6 25. Rb4 Rc5 26. a5 Rxa5 27. Rxa5 Qxa5 28. Ra4 Qb5 29.
Qb4+ Qxb4 30. cxb4 Kg7 31. Rxa7 Rc8 32. g3 Rc4 33. c3 d4 34. cxd4 Rxd4+ 35. Kc3 Re4 36. Rb7 Re3+ 37. Kd4 Rxg3 38. Rxb6 Rg4 39. Ke4 Rxh4 40. b5 g5 0-1

[Event "*** Titled Tuesday Blitz"]
[Site "Chess.com"]
[Date "2018.09.04"]
[Round "9"]
[White "volcanoexplorer"]
[Black "lucasmito"]
[Result "0-1"]
[WhiteElo "2308"]
[BlackElo "2348"]
[TimeControl "180+2"]
[EndTime "15:38:23 PDT"]
[Termination "lucasmito won by resignation"]

1. e4 e5 2. Nf3 Nc6 3. Bc4 Nf6 4. d3 Bc5 5. O-O d6 6. c3 a6 7. Bb3 Ba7 8. Nbd2 h6 9. Re1 O-O 10. Nf1 Re8 11. Be3 Be6 12. Bc2 d5 13. Ng3 d4 14.
Bd2 dxc3 15. bxc3 Nd7 16. Qe2 Qf6 17. Be3 Bxe3 18. Qxe3 Rad8 19. d4 exd4 20. cxd4 Bd5 21. e5 Qe7 22. Nf5 Qf8 23. Qd3 g6 24. Ne3 Bxf3 25.
gxf3 Ndxe5 26. Qe4 Nxd4 27. Kh1 Nexf3 28. Qg4 Nxe1 29.
Bxg6 fxg6 30. Rxe1 Qf3+ 31. Qxf3 Nxf3 0-1

[Event "*** Titled Tuesday Blitz"]
[Site "Chess.com"]
[Date "2018.09.04"]
[Round "9"]
[White "Abrito99"]
[Black "GMWSO"]
[Result "0-1"]
[WhiteElo "2601"]
[BlackElo "2958"]
[TimeControl "180+2"]
[EndTime "15:38:24 PDT"]
[Termination "GMWSO won by resignation"]

1. e4 c5 2. d4 cxd4 3. c3 dxc3 4. Nxc3 Nc6 5. Nf3 e6 6. Bc4 a6 7. O-O b5 8. Bb3 Bb7 9. a4 b4 10. Nd5 Na5 11. Bg5 f6 12. Ne5 Bxd5 13. exd5 Nxb3 14.
dxe6 dxe6 15. Qxb3 Qd5 16. Nc4 fxg5 17. Rad1 Qf5 18.
Ne3 Qg6 19. Ng4 Ne7 20. Ne5 Qf5 21. Rfe1 Ng6 22. Nxg6 hxg6 23. Rxe6+ Be7 24. Rde1 Ra7 25. Qe3 O-O 26. Qxa7 Bc5 27. Qxa6 Bxf2+ 28. Kh1 Bxe1 29. Rxe1 Qf2 30. Qe6+ 0-1

[Event "*** Titled Tuesday Blitz"]
[Site "Chess.com"]
[Date "2018.09.04"]
[Round "9"]
[White "RU_B9"]
[Black "chess_rehab"]
[Result "1-0"]
[WhiteElo "2013"]
[BlackElo "2199"]
[TimeControl "180+2"]
[EndTime "15:38:27 PDT"]
[Termination "RU_B9 won by resignation"]

1. c4 Nf6 2. Nc3 g6 3. e4 d6 4. d4 Bg7 5. Nf3 O-O 6. Be2 e5 7. O-O Nc6 8. d5 Ne7 9. Ne1 Nd7 10. Be3 b6 11. b4 a5 12. a3 f5 13. f3 f4 14. Bf2 g5 15. Nd3 Nf6 16. c5 axb4 17.
cxd6 bxc3 18. dxe7 Qxe7 19. Nb4 g4 20. Nc6 Qd6 21.
Qb3 g3 22. hxg3 Nh5 23. gxf4 Nxf4 24. Rfe1 Qg6 25. Ne7+ Kh8 26. Nxg6+ hxg6 27. Qxc3 Rf7 28. g3 Nh3+ 29. Kg2 g5 30. Rh1 g4 31. Be3 Kg8 32. fxg4 Nf4+ 33. gxf4 exf4 34. Bd4 f3+ 35. Bxf3 1-0

[Event "*** Titled Tuesday Blitz"]
[Site "Chess.com"]
[Date "2018.09.04"]
[Round "9"]
[White "MFBerna"]
[Black "DanielNaroditsky"]
[Result "0-1"]
[WhiteElo "2378"]
[BlackElo "2948"]
[TimeControl "180+2"]
[EndTime "15:38:32 PDT"]
[Termination "DanielNaroditsky won by resignation"]

1. e4 e5 2. Nf3 Nc6 3. Bb5 a6 4. Ba4 Nf6 5. O-O Be7 6. Re1 b5 7. Bb3 d6 8. c3 O-O 9. h3 Na5 10. Bc2 c5 11. d4 Nd7 12. Nbd2 exd4 13. cxd4 Nc6 14. Nf1 cxd4 15. Nxd4 Nxd4 16. Qxd4 Ne5 17. f4 Nc4 18. b3 Qb6 19. Bb2 Qxd4+ 20. Bxd4 Na3 21. Bd3 Bb7 22. Rac1 Rac8 23. Ne3 Rfe8 24. Nf5 Bf8 25. Rxc8 Rxc8 26. Bb2 Nc2 27. Rc1 Nb4 28.
Bb1 Rxc1+ 29. Bxc1 g6 30. Ne3 Bg7 31. a3 Nc6 32.
Nd5 Nd4 33. b4 Bxd5 34. exd5 Ne2+ 35. Kf2 Nxc1 36. Ke3 Bb2 37. Kd2 Bxa3 38. Kc3 Ne2+ 39. Kb3 Bc1 0-1

[Event "*** Titled Tuesday Blitz"]
[Site "Chess.com"]
[Date "2018.09.04"]
[Round "9"]
[White "AndrewDGreen"]
[Black "akretchetov"]
[Result "1-0"]
[WhiteElo "2237"]
[BlackElo "2229"]
[TimeControl "180+2"]
[EndTime "15:38:39 PDT"]
[Termination "AndrewDGreen won by resignation"]

1. d4 Nf6 2. Nf3 e6 3. Bf4 c5 4. e3 cxd4 5. exd4 d6 6. Nbd2 Be7 7. h3 O-O 8. Bd3 b6 9. O-O Bb7 10. Re1 a6 11. Bh2 Nbd7 12. a4 Qb8 13. a5 b5 14. c4 bxc4 15. Nxc4 Bc6 16. Nfd2 Rd8 17.
Ra3 Bb5 18. Rc3 Nd5 19. Rc1 N7f6 20. Bb1 Qb7 21. Ne4 Bxc4 22. Rxc4 Qxb2 23. Nxf6+ Bxf6 24. Qd3 g6 25. Qf3 Kg7 26. Be4 Qb5 27. Bxd5 Qxd5 28.
Qxd5 exd5 29. Rc6 Bxd4 30. Rd1 Bc5 31. Rxd5 Kf6 32. Rdxc5 Rab8 33. Bxd6 Rb1+ 34. Kh2 1-0

[Event "*** Titled Tuesday Blitz"]
[Site "Chess.com"]
[Date "2018.09.04"]
[Round "9"]
[White "Alopekos"]
[Black "jk13"]
[Result "1-0"]
[WhiteElo "2454"]
[BlackElo "2532"]
[TimeControl "180+2"]
[EndTime "15:38:40 PDT"]
[Termination "Alopekos won by checkmate"]

1. e4 e5 2. Nf3 Nc6 3. Bb5 a6 4. Ba4 Nf6 5. O-O b5 6. Bb3 Bc5 7. a4 Rb8 8. Nxe5 Nxe5 9. d4 Bxd4 10. Qxd4 d6 11. f4 Nc6 12. Qc3 Ne7 13. Qd3 O-O 14. Nc3 Bb7 15. axb5 axb5 16. e5 dxe5 17. Qxd8 Rbxd8 18.
fxe5 Ng4 19. Bg5 Rde8 20. Ra7 Bc8 21. Rxc7 Ng6 22. Rfxf7 Rxf7 23. Bxf7+ Kf8 24. Bxe8 Kxe8 25. Rxc8+ Kd7 26. Rd8+ Kc7 27. Nxb5+ Kb7 28. e6 N4e5 29. e7 Nxe7 30. Bxe7 Kb6 31. Nc3 Kc6 32. Rd6+ Kb7 33. Nd5 h6 34. b4 Nc6 35. b5 Nd4 36. Rd7+ Ka8 37. Nb6+ Kb8 38. Bd6# 1-0

[Event "*** Titled Tuesday Blitz"]
[Site "Chess.com"]
[Date "2018.09.04"]
[Round "9"]
[White "Bauxi435"]
[Black "LuisFSiles"]
[Result "1-0"]
[WhiteElo "2373"]
[BlackElo "2183"]
[TimeControl "180+2"]
[EndTime "15:38:44 PDT"]
[Termination "Bauxi435 won by resignation"]

1. d4 f5 2. c4 Nf6 3. Nc3 g6 4. g3 Bg7 5. Bg2 O-O 6. Nh3 d6 7. Bg5 Nc6 8. Qd2 Ng4 9. f3 h6 10. fxg4 fxg4 11. Nf4 hxg5 12. Nxg6 Rf6 13. Bxc6 bxc6 14. Qxg5 e5 15. Ne4 exd4 16. Nxf6+ Qxf6 17. Ne7+ Kf7 18. Rf1 Kxe7 19. Rxf6 Bxf6 20. Qg8 Bb7 21. Qh7+ Ke6 22. Qe4+ Kf7 23. Qxg4 c5 24. Qd7+ Kg6 25. Qxc7 Be4 26. Qxd6 Re8 27. Kf2 Kg7 28. Rf1 d3 29. e3 Rd8 30. Qf4 Bg6 31. Rd1 d2 32. g4 Bc2 33. g5 Bxb2 34. Qc7+ Kg6 35. Qxd8 Bxd1 36. Qxd2 1-0

[Event "*** Titled Tuesday Blitz"]
[Site "Chess.com"]
[Date "2018.09.04"]
[Round "9"]
[White "Squirlolz"]
[Black "rasmussvane"]
[Result "0-1"]
[WhiteElo "2486"]
[BlackElo "2663"]
[TimeControl "180+2"]
[EndTime "15:38:56 PDT"]
[Termination "rasmussvane won on time"]

1. e4 c6 2. Nc3 d5 3. Nf3 dxe4 4. Nxe4 Nf6 5. Qe2 Nxe4 6. Qxe4 Qa5 7. Bc4 Bf5 8. Qe2 e6 9. O-O Be7 10. d4 Nd7 11. c3 O-O 12. Re1 Rfe8 13. Bf4 h6 14. h3 Rad8 15. Rad1 Bg6 16. Bb3 Bh5 17. g4 Bg6 18.
Bg3 a6 19. Qf1 Qb5 20. Qg2 a5 21. Ne5 Nxe5 22. Rxe5 Qa6 23. a3 Qb6 24. Bc4 Qxb2 25. Re3 Bxa3 26. Rde1 b5 27. Bf1 b4 28. cxb4 Bxb4 29. R1e2 Qxd4 30. Qxc6 Rc8 31. Qb7 Rc1 32. Qb5 Rec8 0-1

[Event "*** Titled Tuesday Blitz"]
[Site "Chess.com"]
[Date "2018.09.04"]
[Round "9"]
[White "Alexander_Moskalenko"]
[Black "maciek_92"]
[Result "0-1"]
[WhiteElo "2794"]
[BlackElo "2677"]
[TimeControl "180+2"]
[EndTime "15:38:57 PDT"]
[Termination "maciek_92 won by checkmate"]

1. d4 Nf6 2. Bf4 d6 3. Nc3 g6 4. Qd2 Bg7 5. O-O-O c6 6. Bh6 O-O 7. Bxg7 Kxg7 8. f3 Qa5 9. e4 e5 10. dxe5 dxe5 11. g4 Be6 12. h4 h5 13. g5 Nfd7 14.
Bh3 Nc5 15. f4 Bxa2 16. Nf3 Be6 17. Bxe6 Nxe6 18. Nxe5 Rd8 19. Qe3 Na6 20. Kb1 Nb4 21. Nc4 Qa6 22. Na3 c5 23. f5 Nd4 24. Rhf1 gxf5 25.
exf5 Re8 26. Qg3 Qc6 27. g6 f6 28. Nc4 b5 29. Nd6 Re5 30. Nf7 Qa6 31. Nxe5 Ndxc2 32.
Nc6 Qa1# 0-1

[Event "*** Titled Tuesday Blitz"]
[Site "Chess.com"]
[Date "2018.09.04"]
[Round "9"]
[White "Winehouse83"]
[Black "TrimitziosP7"]
[Result "0-1"]
[WhiteElo "2460"]
[BlackElo "2638"]
[TimeControl "180+2"]
[EndTime "15:39:04 PDT"]
[Termination "TrimitziosP7 won by resignation"]

1. d4 d5 2. c4 c6 3. Nf3 Nf6 4. Nc3 a6 5. cxd5 cxd5 6. Bf4 Nc6 7. e3 Qb6 8. a3 e6 9. Bd3 Bd7 10. h3 Be7 11. O-O O-O 12. b4 Rac8 13. Na4 Qd8 14. Nc5 Qb6 15. Ne5 Be8 16. Rc1 Nxe5 17. dxe5 Nd7 18.
Nxd7 Bxd7 19. Qh5 g6 20. Qh6 a5 21. h4 Bb5 22. Bxb5 Qxb5 23. bxa5 Qxa5 24. Rb1 Rb8 25. h5 Qxa3 26. hxg6 hxg6 27. Kh2 Rfc8 28. Rh1 Bf8 29. Qh4 Bg7 30. Kg3 Qd3 31. Qh7+ Kf8 32. Bh6 Bxh6 33. Qxh6+ Ke7 34. Qg5+ Kd7 35. Rb6 Qf5 36.
Qxf5 gxf5 37. Rh7 Ke7 38. Kf4 Rc6 39. Rb1 b5 40. g4 Rc4+ 41. Kf3 Rxg4 42. Rhh1 b4 43. Rhc1 Rc4 44. Rd1 b3 45. Rb2 Rc2 46. Rdb1 Rxb2 47. Rxb2 Kd7 48. Ke2 Kc6 49. Kd3 Kc5 50. Kc3 Rb4 51. Rxb3 Rxb3+ 52. Kxb3 d4 0-1

[Event "*** Titled Tuesday Blitz"]
[Site "Chess.com"]
[Date "2018.09.04"]
[Round "9"]
[White "afgano29"]
[Black "lavr92"]
[Result "1-0"]
[WhiteElo "2698"]
[BlackElo "2598"]
[TimeControl "180+2"]
[EndTime "15:39:08 PDT"]
[Termination "afgano29 won by resignation"]

1. d4 d5 2. c4 c6 3. Nf3 Nf6 4.
Nc3 e6 5. Bg5 dxc4 6. a4 c5 7.
e3 Nc6 8. Bxc4 cxd4 9. exd4 Be7 10. O-O O-O 11. Re1 Bd7 12. d5 Nxd5 13. Bxe7 Ndxe7 14.
Ne4 Nb4 15. Ne5 Bc6 16. Qb3 Nbd5 17. Ng5 h6 18. Ne4 Qb6 19. Qg3 Nf5 20. Qg4 Qd4 21.
Nxc6 bxc6 22. b3 Nf6 23. Qf3 Nxe4 24. Rxe4 Qxe4 25. Qxe4 1-0

[Event "*** Titled Tuesday Blitz"]
[Site "Chess.com"]
[Date "2018.09.04"]
[Round "9"]
[White "VerdeNotte"]
[Black "Nowaybacksasha"]
[Result "1-0"]
[WhiteElo "2823"]
[BlackElo "2804"]
[TimeControl "180+2"]
[EndTime "15:39:09 PDT"]
[Termination "VerdeNotte won on time"]

1. e4 c5 2. Nf3 d6 3. Bb5+ Nd7 4. a4 Nf6 5. Nc3 a6 6. Bc4 b6 7. d4 cxd4 8. Nxd4 e6 9. Bxe6 fxe6 10. Nxe6 Qe7 11. Nc7+ Kd8 12. Nxa8 Bb7 13. Nxb6 Nxb6 14. O-O Kc8 15. a5 Nbd7 16. Re1 Qf7 17. Qd4 Be7 18. Ra4 Re8 19. Rc4+ Kb8 20. Be3 Nc5 21.
b4 Ng4 22. bxc5 Nxe3 23. Rxe3 dxc5 24. Qe5+ Ka8 25. Nd5 Bd8 26. Qd6 Bxa5 27. Rxc5 Rd8 28. Qe5 Bb4 29. Rc7 Qg6 30. Rxb7 Bd6 31. Qb2 Qh5 32. g3 1-0

[Event "*** Titled Tuesday Blitz"]
[Site "Chess.com"]
[Date "2018.09.04"]
[Round "9"]
[White "GMKrikor"]
[Black "wonderfultime"]
[Result "0-1"]
[WhiteElo "2750"]
[BlackElo "2844"]
[TimeControl "180+2"]
[EndTime "15:39:11 PDT"]
[Termination "wonderfultime won by resignation"]

1. Nf3 Nf6 2. c4 e6 3. g3 d5 4. Bg2 dxc4 5. Qa4+ Bd7 6. Qxc4 c5 7. Ne5 Qc8 8. Qd3 Nc6 9. Nxd7 Nxd7 10. O-O Be7 11.
e3 O-O 12. Qc2 Rd8 13. a3 Nde5 14. Rd1 Nd3 15. Be4 Qd7 16. Nc3 Nce5 17. f4 Ng4 18. Bxd3 Qxd3 19. Qxd3 Rxd3 20. h3 Nf6 21. Kf1 Rad8 22.
Ke2 c4 23. b3 cxb3 24. Rb1 b6 25. Rxb3 Ne4 26. g4 f5 27. gxf5 exf5 28. a4 Kf7 29.
Rg1 g6 30. a5 Nxd2 31. Bxd2 Rxd2+ 32. Kf3 R8d3 33. axb6 axb6 34. Re1 Rc2 0-1

[Event "*** Titled Tuesday Blitz"]
[Site "Chess.com"]
[Date "2018.09.04"]
[Round "9"]
[White "Jbd735"]
[Black "Fighter008"]
[Result "1-0"]
[WhiteElo "2361"]
[BlackElo "2416"]
[TimeControl "180+2"]
[EndTime "15:39:11 PDT"]
[Termination "Jbd735 won by resignation"]

1. e4 g6 2. d4 Bg7 3. Nc3 c6 4.
Nf3 d5 5. e5 h5 6. Bd3 Nh6 7.
O-O Bf5 8. a4 e6 9. a5 Nd7 10.
Bg5 Qc7 11. Be2 Nf8 12. h3 Nh7 13. Bf4 Be4 14. Nxe4 dxe4 15. Nd2 f5 16. exf6 Qxf4 17. fxg7 Rg8 18. Nxe4 O-O-O 19. Bf3 Rxg7 20. c3 g5 21. Nc5 g4 22. Nxe6 Qf6 23. Nxg7 Qxg7 24. hxg4 hxg4 25. Be4 Ng5 26. Qd3 Rh8 27. Rfe1 Nhf7 28. Bf5+ Kd8 29. Qg3 Ne5 30. Qxe5 Nf3+ 31. gxf3 gxf3+ 32. Qxg7 1-0

[Event "*** Titled Tuesday Blitz"]
[Site "Chess.com"]
[Date "2018.09.04"]
[Round "9"]
[White "suyu28"]
[Black "51616516516"]
[Result "1-0"]
[WhiteElo "2484"]
[BlackElo "2193"]
[TimeControl "180+2"]
[EndTime "15:39:18 PDT"]
[Termination "suyu28 won by checkmate"]

1. d4 Nf6 2. Bf4 g6 3. e3 Bg7 4. h4 h5 5. Be2 c5 6. c3 b6 7. Bf3 d5 8. Nd2 O-O 9. Nh3 Bb7 10. g4 hxg4 11. Bxg4 Nxg4 12. Qxg4 Qd7 13. Qg2 e5 14. dxe5 d4 15. e4 dxc3 16. bxc3 Qd3 17. h5 Qxc3 18. Rd1 Nd7 19. hxg6 Nxe5 20. Bxe5 Qxe5 21. Ng5 fxg6 22. Ndf3 Qc3+ 23. Kf1 Bxe4 24. Qh3 Rxf3 25. Qe6+ Kf8 26. Nh7# 1-0